 Dungeon Crawl Stone Soup version 0.29.0-4-gdea44cf6ec (webtiles) character file.

Game seed: 5127440934541930028

7933 qw the Grappler (level 11, -17/102 (105) HPs)
             Began as a Troll Cinder Acolyte on Sept 3, 2022.
             Was a Believer of Ignis.
             Killed by vampiric draining
             ... invoked by Josephine
              (28 damage)
             ... on level 10 of the Dungeon.
             The game lasted 00:04:47 (7525 turns).

qw the Grappler (Troll Cinder Acolyte)              Turns: 7525, Time: 00:04:48

HP:   -17/102 (105) AC: 13    Str: 28    XL:     11   Next: 3%
MP:   11/11         EV: 13    Int: 10    God:    Ignis [**....]
Gold: 252           SH:  0    Dex:  5    Spells: 12/12 levels left

rFire   + + .      SeeInvis .     - Unarmed
rCold   . . .      Faith    .   (no shield)
rNeg    . . .      Spirit   .   q - +2 robe {rF+}
rPois   +          Reflect  .   (helmet restricted)
rElec   .          Harm     .   (no cloak)
rCorr   .          Rampage  .   (gloves unavailable)
Will    .....                   (boots unavailable)
Stlth   +.........              (no amulet)
HPRegen 1.07/turn               t - ring of poison resistance
MPRegen 0.12/turn               r - +4 ring of evasion

@: fiery-armoured, lightly drained
A: large, unfitting armour, claws 3, regeneration 1, shaggy fur 1, tough skin 1
a: Renounce Religion, Fiery Armour, Foxfire Swarm, Rising Flame


You were on level 10 of the Dungeon.
You worshipped Ignis.
Ignis was pleased with you.
You visited 1 branch of the dungeon, and saw 10 of its levels.

You collected 537 gold pieces.
You spent 285 gold pieces at shops.


Innate Abilities, Weirdness & Mutations

You are too large for most types of armour.
You have claws for hands.
Your natural rate of healing is unusually fast.
You are covered in fur. (AC +1)
You have tough skin. (AC +1)


   Skills:
 - Level 6.1 Fighting
 - Level 4.1 Throwing
 - Level 1.1 Dodging
 + Level 14.9 Unarmed Combat
 - Level 1.0 Spellcasting
 - Level 2.1 Fire Magic


You had 12 spell levels left.
You didn't know any spells.
Your spell library contained the following spells:

 Spells                   Type           Power      Damage    Failure   Level
 Scorch                   Fire           8%         2d5       22%         2

Inventory:

Armour
 c - a +0 troll leather armour
 q - a +2 robe of fire resistance (worn)
Jewellery
 f - a +4 ring of protection
 r - a +4 ring of evasion (right claw)
 t - a ring of poison resistance (left claw)
Scrolls
 e - a scroll of magic mapping {unknown}
 i - 3 scrolls of identify
 p - 2 scrolls of enchant armour
Potions
 a - a potion of might
 d - 4 potions of mutation
 h - a potion of haste
 k - 5 potions of curing
 o - a potion of resistance
 s - a potion of cancellation

Dungeon Overview and Level Annotations

Branches:
Dungeon (10/15)            Temple (0/1) D:5
   Lair: D:8-11         Orc: D:9-12

Altars:
Ashenzari
Dithmenos
Kikubaaqudgha
Nemelex Xobeh
Ru
Uskayaw
The Shining One

Shops:
D:4 (=   D:7 !

Annotations:
D:10 Josephine


Message History

The troll is heavily wounded.
Josephine shouts!
You hear a shout!
The troll misses you. The troll claws you but does no damage.
The troll is burned by your cloak of flames.
The troll is heavily wounded.
The troll claws you but does no damage.
The troll is burned by your cloak of flames.
The troll is heavily wounded.
You mangle the troll!!
You kill the troll!
You closely miss Josephine. You claw Josephine!
Josephine is lightly wounded.
Josephine drinks a potion.
Josephine flickers and vanishes!
Deactivating autopickup; reactivate with Ctrl-A.
You barely miss something.
A gnoll sergeant comes into view. It is wielding a +0 spear.
Something hits you but does no damage.
You mangle something!! Something hits you but does no damage.
You closely miss something. You completely miss something.
You hear some strange, mumbled words.
A ghostly fireball appears from out of thin air!
The ghostly flame explodes!
The ghostly fireball engulfs you!
You feel drained.
The ghostly fireball engulfs something.
You hear an angry hiss.
You hear a shout!
You hear two shouts!
You hear a shout!
You hear an angry buzzing noise. x2
You miss something.
A wyvern comes into view.
Something hits you but does no damage.
You claw something!
A wraith comes into view.
Something hits you!
You barely miss something. You miss something. Something completely misses you.
You barely miss something.
A gnoll comes into view. It is wielding a +0 spear.
The gnoll sergeant misses you. Something draws life force from you!!
You die...

.. #####..
....... ...$...
.......
######.......
g.##............
...W.g{@.l......
#.##.###..#.....
#.## #.# #..
####


You could see a wraith, a wyvern, a gnoll sergeant and a gnoll.

Vanquished Creatures
  The ghost of qw the Grappler, a novice TrCA of Ignis (D:4)
  3 trolls
  A hornet (D:8)
  Grinder (D:3)
  Sigmund (D:5)
  12 yaks (D:8)
  A wyvern (D:9)
  7 steam dragons
  A water moccasin (D:9)
  An ice beast (D:6)
  An orc warrior (D:9)
  2 phantoms
  5 centaurs
  5 bullfrogs
  3 kobold brigands
  A necrophage (D:5)
  A gnoll sergeant (D:7)
  2 scorpions
  5 wights (D:7)
  9 killer bees
  6 howler monkeys
  A jelly (D:7)
  3 hounds
  4 orc priests
  Jessica (D:3)
  Terence (D:3)
  4 iguanas
  11 orc wizards
  19 gnolls
  12 adders
  A shadow imp (D:7)
  2 white imps (D:7)
  An ufetubus (D:4)
  3 worms
  A dart slug (D:3)
  24 orcs
  7 ball pythons
  7 endoplasms
  5 giant cockroaches
  11 goblins
  4 hobgoblins
  4 jackals (D:4)
  6 quokkas
  4 bats
  6 frilled lizards
  26 kobolds
  9 rats
246 creatures vanquished.

Vanquished Creatures (others)
  2 fungi (D:7)
2 creatures vanquished.

Grand Total: 248 creatures vanquished

Notes
Turn   | Place    | Note
-------+----------+-------------------------------------------
     0 | D:1      | qw the Troll Cinder Acolyte began the quest for the Orb.
     0 | D:1      | Reached XP level 1. HP: 22/22 MP: 1/1
     0 | D:1      | 0 ||| qw: Version: 0.1-a-102-g441f92d
     0 | D:1      | 0 ||| qw: Game counter: 5200
     0 | D:1      | 0 ||| qw: Always use a shield: true
     0 | D:1      | 0 ||| qw: God list: Okawaru
     0 | D:1      | 0 ||| qw: Allow faded altars: false
     0 | D:1      | 0 ||| qw: Do Orc after D:15 true
     0 | D:1      | 0 ||| qw: Do second Lair branch before Depths: true
     0 | D:1      | 0 ||| qw: Lair rune preference: random
     0 | D:1      | 0 ||| qw: Plans: Normal
     0 | D:1      | 0 ||| PLANNING D:1-11
    32 | D:1      | 32 ||| INVOKING Fiery Armour.
   134 | D:1      | 134 ||| Stepping ~*~*~tactically~*~*~ (stealth).
   135 | D:1      | 135 ||| Stepping ~*~*~tactically~*~*~ (stealth).
   147 | D:1      | Reached XP level 2. HP: 28/29 MP: 2/2
   220 | D:1      | 220 ||| Stepping ~*~*~tactically~*~*~ (stealth).
   231 | D:1      | 231 ||| Stepping ~*~*~tactically~*~*~ (stealth).
   232 | D:1      | 232 ||| Stepping ~*~*~tactically~*~*~ (stealth).
   242 | D:1      | 242 ||| Stepping ~*~*~tactically~*~*~ (stealth).
   247 | D:1      | Reached skill level 4 in Unarmed Combat
   308 | D:1      | 308 ||| Stepping ~*~*~tactically~*~*~ (stealth).
   313 | D:1      | 313 ||| Stepping ~*~*~tactically~*~*~ (stealth).
   349 | D:1      | Reached XP level 3. HP: 36/36 MP: 3/3
   678 | D:1      | 678 ||| Stepping ~*~*~tactically~*~*~ (stealth).
   679 | D:1      | 679 ||| Stepping ~*~*~tactically~*~*~ (stealth).
   680 | D:1      | 680 ||| Stepping ~*~*~tactically~*~*~ (stealth).
   718 | D:1      | 718 ||| UPGRADING to +4 ring of protection.
   745 | D:2      | Found a faded altar of an unknown god.
   756 | D:2      | Noticed a shining eye
   760 | D:2      | Noticed an eye of devastation
   760 | D:2      | Noticed a floating eye
   760 | D:2      | Noticed a golden eye
   765 | D:2      | 765 ||| READING scroll labelled WELEPP ASUMNUADUH.
   766 | D:2      | 766 ||| Stepping randomly (stuck).
   903 | D:2      | 903 ||| INVOKING Fiery Armour.
   908 | D:2      | 908 ||| Stepping ~*~*~tactically~*~*~ (outnumbered).
   912 | D:2      | Reached skill level 5 in Unarmed Combat
   912 | D:2      | Reached XP level 4. HP: 36/44 MP: 4/4
   913 | D:2      | 913 ||| FLEEEEING.
   914 | D:2      | 914 ||| FLEEEEING.
   915 | D:2      | 915 ||| FLEEEEING.
   916 | D:2      | 916 ||| FLEEEEING.
  1255 | D:2      | 1255 ||| INVOKING Fiery Armour.
  1262 | D:2      | 1262 ||| Stepping ~*~*~tactically~*~*~ (stealth).
  1263 | D:2      | 1263 ||| Stepping ~*~*~tactically~*~*~ (stealth).
  1266 | D:2      | 1266 ||| Stepping ~*~*~tactically~*~*~ (hiding).
  1276 | D:2      | 1276 ||| Stepping ~*~*~tactically~*~*~ (stealth).
  1277 | D:2      | 1277 ||| Stepping ~*~*~tactically~*~*~ (stealth).
  1325 | D:2      | Reached XP level 5. HP: 50/50 MP: 5/5
  1403 | D:2      | 1403 ||| UPGRADING to ring of willpower.
  1404 | D:2      | 1404 ||| READING scroll labelled YPITAL XI DIASM.
  1443 | D:3      | 1443 ||| Stepping ~*~*~tactically~*~*~ (stealth).
  1516 | D:3      | Noticed Grinder
  1517 | D:3      | 1517 ||| Stepping ~*~*~tactically~*~*~ (hiding).
  1526 | D:3      | Killed Grinder
  1527 | D:3      | Reached skill level 7 in Unarmed Combat
  1527 | D:3      | Reached XP level 6. HP: 51/59 MP: 6/6
  1537 | D:3      | Noticed Terence
  1545 | D:3      | Killed Terence
  1572 | D:3      | 1572 ||| Stepping ~*~*~tactically~*~*~ (hiding).
  1576 | D:3      | 1576 ||| INVOKING Fiery Armour.
  1730 | D:3      | Identified the +1 pair of gloves of Enejolae {Str+2 Dex+3}
  1753 | D:3      | 1753 ||| Stepping ~*~*~tactically~*~*~ (stealth).
  1798 | D:3      | Reached skill level 8 in Unarmed Combat
  1994 | D:3      | 1994 ||| Stepping ~*~*~tactically~*~*~ (hiding).
  1995 | D:3      | Noticed Jessica
  1997 | D:3      | 1997 ||| Stepping ~*~*~tactically~*~*~ (hiding).
  2001 | D:3      | Killed Jessica
  2002 | D:3      | Reached XP level 7. HP: 66/66 MP: 7/7
  2049 | D:3      | 2049 ||| READING 2 scrolls labelled GUIDASESAO.
  2050 | D:3      | 2050 ||| READING scroll labelled GELOHE POQAEPN.
  2108 | D:4      | 2108 ||| STAIRDANCE
  2115 | D:4      | 2115 ||| STAIRDANCE
  2135 | D:4      | Found a runed translucent door.
  2135 | D:4      | Noticed qw's ghost (novice TrCA)
  2156 | D:4      | Reached skill level 3 in Fighting
  2236 | D:4      | Found Luusec's Jewellery Shoppe.
  2240 | D:4      | 2240 ||| SHOPLISTING +4 ring of evasion (396 gold, have
                  | 171).
  2240 | D:4      | 2240 ||| SHOPLISTING +4 ring of protection (396 gold, have
                  | 171).
  2240 | D:4      | 2240 ||| SHOPLISTING +4 ring of slaying (858 gold, have
                  | 171).
  2240 | D:4      | 2240 ||| SHOPLISTING +6 ring of strength (396 gold, have
                  | 171).
  2290 | D:4      | 2290 ||| Stepping ~*~*~tactically~*~*~ (stealth).
  2291 | D:4      | 2291 ||| Stepping ~*~*~tactically~*~*~ (stealth).
  2296 | D:4      | 2296 ||| Stepping ~*~*~tactically~*~*~ (stealth).
  2298 | D:4      | 2298 ||| Stepping ~*~*~tactically~*~*~ (stealth).
  2300 | D:4      | 2300 ||| Stepping ~*~*~tactically~*~*~ (stealth).
  2302 | D:4      | 2302 ||| Stepping ~*~*~tactically~*~*~ (stealth).
  2304 | D:4      | 2304 ||| Stepping ~*~*~tactically~*~*~ (stealth).
  2312 | D:4      | Reached skill level 1 in Throwing
  2320 | D:4      | 2320 ||| Stepping ~*~*~tactically~*~*~ (stealth).
  2381 | D:4      | Found Beboe's Weapon Boutique.
  2530 | D:4      | Noticed a steam dragon
  2531 | D:4      | 2531 ||| Stepping ~*~*~tactically~*~*~ (hiding).
  2532 | D:4      | 2532 ||| Stepping ~*~*~tactically~*~*~ (hiding).
  2543 | D:4      | Killed a steam dragon
  2562 | D:4      | Found a broken altar of Ashenzari.
  2828 | D:4      | 2828 ||| FLEEEEING.
  2829 | D:4      | 2829 ||| FLEEEEING.
  2830 | D:4      | 2830 ||| FLEEEEING.
  2831 | D:4      | 2831 ||| FLEEEEING.
  2857 | D:4      | 2857 ||| Stepping ~*~*~tactically~*~*~ (hiding).
  2869 | D:4      | Reached skill level 9 in Unarmed Combat
  3016 | D:4      | 3016 ||| Stepping randomly (stuck).
  3017 | D:4      | 3017 ||| INVOKING Fiery Armour.
  3039 | D:4      | Killed qw's ghost
  3040 | D:4      | Reached XP level 8. HP: 39/75 MP: 8/8
  3101 | D:5      | Entered Level 5 of the Dungeon
  3105 | D:5      | Reached skill level 1 in Dodging
  3109 | D:5      | 3109 ||| Stepping ~*~*~tactically~*~*~ (outnumbered).
  3153 | D:5      | 3153 ||| Stepping ~*~*~tactically~*~*~ (stealth).
  3216 | D:5      | 3216 ||| Stepping ~*~*~tactically~*~*~ (hiding).
  3217 | D:5      | 3217 ||| Stepping ~*~*~tactically~*~*~ (hiding).
  3231 | D:5      | 3231 ||| Stepping ~*~*~tactically~*~*~ (stealth).
  3240 | D:5      | 3240 ||| Stepping ~*~*~tactically~*~*~ (stealth).
  3241 | D:5      | 3241 ||| Stepping ~*~*~tactically~*~*~ (stealth).
  3283 | D:5      | Found a hide-covered altar of Uskayaw.
  3289 | D:5      | Noticed Sigmund
  3307 | D:5      | Killed Sigmund
  3308 | D:5      | Reached skill level 10 in Unarmed Combat
  3502 | D:5      | Found an ancient bone altar of Kikubaaqudgha.
  3534 | D:5      | Found a staircase to the Ecumenical Temple.
  3807 | D:5      | Found a sparkling altar of Nemelex Xobeh.
  3883 | D:5      | 3883 ||| UPGRADING to +2 robe of fire resistance.
  3893 | D:5      | 3893 ||| DROPPING +0 robe.
  3894 | D:5      | 3894 ||| READING scroll labelled QUMMIE DAHUN.
  3895 | D:5      | 3895 ||| DRINKING 2 fuming grey potions.
  3896 | D:5      | 3896 ||| DRINKING 2 white potions.
  3897 | D:5      | 3897 ||| READING 2 scrolls of identify.
  3897 | D:5      | 3897 ||| IDENTIFYING red potion
  3898 | D:5      | 3898 ||| DROPPING potion of magic.
  3942 | D:6      | Reached XP level 9. HP: 84/84 MP: 9/9
  3963 | D:6      | 3963 ||| Stepping ~*~*~tactically~*~*~ (hiding).
  3964 | D:6      | 3964 ||| Stepping ~*~*~tactically~*~*~ (hiding).
  3965 | D:6      | 3965 ||| Stepping ~*~*~tactically~*~*~ (hiding).
  3966 | D:6      | 3966 ||| Stepping ~*~*~tactically~*~*~ (hiding).
  3975 | D:6      | 3975 ||| Stepping ~*~*~tactically~*~*~ (stealth).
  3976 | D:6      | 3976 ||| Stepping ~*~*~tactically~*~*~ (stealth).
  3977 | D:6      | 3977 ||| Stepping ~*~*~tactically~*~*~ (stealth).
  3978 | D:6      | 3978 ||| Stepping ~*~*~tactically~*~*~ (stealth).
  3979 | D:6      | 3979 ||| Stepping ~*~*~tactically~*~*~ (stealth).
  3980 | D:6      | 3980 ||| Stepping ~*~*~tactically~*~*~ (stealth).
  4032 | D:6      | Found a glowing golden altar of the Shining One.
  4098 | D:6      | 4098 ||| Stepping ~*~*~tactically~*~*~ (hiding).
  4219 | D:6      | 4219 ||| Stepping ~*~*~tactically~*~*~ (stealth).
  4492 | D:6      | 4492 ||| DRINKING 2 silvery potions.
  4493 | D:6      | 4493 ||| DRINKING 2 orange potions.
  4494 | D:6      | 4494 ||| DRINKING 2 sapphire potions.
  4495 | D:6      | 4495 ||| DRINKING 2 dark potions.
  4496 | D:6      | 4496 ||| READING 2 scrolls of identify.
  4496 | D:6      | 4496 ||| IDENTIFYING fuming purple potion
  4497 | D:6      | 4497 ||| DROPPING potion of attraction.
  4498 | D:6      | 4498 ||| DROPPING potion of lignification.
  4499 | D:6      | 4499 ||| DROPPING potion of flight.
  4540 | D:7      | Reached skill level 11 in Unarmed Combat
  4559 | D:7      | 4559 ||| INVOKING Fiery Armour.
  4561 | D:7      | 4561 ||| Stepping ~*~*~tactically~*~*~ (outnumbered).
  4660 | D:7      | 4660 ||| INVOKING Fiery Armour.
  4832 | D:7      | Reached skill level 12 in Unarmed Combat
  4874 | D:7      | Found a shadowy altar of Dithmenos.
  4985 | D:7      | 4985 ||| Stepping ~*~*~tactically~*~*~ (stealth).
  5036 | D:7      | Found Longos's Distillery.
  5041 | D:7      | 5041 ||| BUYING potion of cancellation (120 gold).
  5041 | D:7      | Bought a potion of cancellation for 120 gold pieces
  5041 | D:7      | 5041 ||| BUYING potion of curing (45 gold).
  5041 | D:7      | Bought a potion of curing for 45 gold pieces
  5041 | D:7      | 5041 ||| BUYING potion of mutation (120 gold).
  5041 | D:7      | Bought a potion of mutation for 120 gold pieces
  5227 | D:7      | 5227 ||| Stepping ~*~*~tactically~*~*~ (stealth).
  5230 | D:7      | 5230 ||| Stepping ~*~*~tactically~*~*~ (hiding).
  5232 | D:7      | 5232 ||| Stepping ~*~*~tactically~*~*~ (hiding).
  5239 | D:7      | 5239 ||| Stepping ~*~*~tactically~*~*~ (outnumbered).
  5240 | D:7      | 5240 ||| Stepping ~*~*~tactically~*~*~ (outnumbered).
  5241 | D:7      | 5241 ||| Stepping ~*~*~tactically~*~*~ (outnumbered).
  5252 | D:7      | 5252 ||| DRINKING 4 potions of curing.
  5252 | D:7      | 5252 ||| (to cure confusion)
  5312 | D:7      | 5312 ||| DROPPING ring of ice.
  5313 | D:7      | 5313 ||| UPGRADING to +4 ring of evasion.
  5315 | D:7      | 5315 ||| UPGRADING to ring of poison resistance.
  5317 | D:7      | 5317 ||| DROPPING ring of willpower.
  5318 | D:7      | 5318 ||| READING scroll labelled UKHLAY JEIMOJ.
  5319 | D:7      | 5319 ||| READING scroll labelled SOGIFO BEOBRU.
  5323 | D:7      | 5323 ||| DRINKING 2 metallic green potions.
  5424 | D:7      | 5424 ||| READING 3 scrolls of identify.
  5424 | D:7      | 5424 ||| IDENTIFYING viscous coppery potion
  5425 | D:7      | 5425 ||| READING 2 scrolls of identify.
  5425 | D:7      | 5425 ||| IDENTIFYING coppery potion
  5426 | D:7      | 5426 ||| DROPPING potion of ambrosia.
  5427 | D:7      | 5427 ||| DROPPING potion of berserk rage.
  5428 | D:7      | 5428 ||| DROPPING potion of brilliance.
  5447 | D:8      | 5447 ||| PLANNING OSSUARY
  5453 | D:8      | 5453 ||| Stepping ~*~*~tactically~*~*~ (stealth).
  5461 | D:8      | 5461 ||| Stepping ~*~*~tactically~*~*~ (outnumbered).
  5462 | D:8      | 5462 ||| Stepping ~*~*~tactically~*~*~ (outnumbered).
  5465 | D:8      | 5465 ||| Stepping ~*~*~tactically~*~*~ (outnumbered).
  5466 | D:8      | 5466 ||| Stepping ~*~*~tactically~*~*~ (outnumbered).
  5467 | D:8      | 5467 ||| Stepping ~*~*~tactically~*~*~ (outnumbered).
  5468 | D:8      | 5468 ||| Stepping ~*~*~tactically~*~*~ (outnumbered).
  5469 | D:8      | 5469 ||| Stepping ~*~*~tactically~*~*~ (outnumbered).
  5471 | D:8      | 5471 ||| Stepping ~*~*~tactically~*~*~ (outnumbered).
  5472 | D:8      | 5472 ||| Stepping ~*~*~tactically~*~*~ (outnumbered).
  5473 | D:8      | 5473 ||| Stepping ~*~*~tactically~*~*~ (outnumbered).
  5474 | D:8      | 5474 ||| Stepping ~*~*~tactically~*~*~ (outnumbered).
  5477 | D:8      | 5477 ||| Stepping ~*~*~tactically~*~*~ (outnumbered).
  5479 | D:8      | 5479 ||| Stepping ~*~*~tactically~*~*~ (outnumbered).
  5480 | D:8      | 5480 ||| Stepping ~*~*~tactically~*~*~ (outnumbered).
  5481 | D:8      | 5481 ||| Stepping ~*~*~tactically~*~*~ (outnumbered).
  5482 | D:8      | 5482 ||| Stepping ~*~*~tactically~*~*~ (outnumbered).
  5483 | D:8      | 5483 ||| Stepping ~*~*~tactically~*~*~ (outnumbered).
  5487 | D:8      | 5487 ||| Stepping ~*~*~tactically~*~*~ (outnumbered).
  5493 | D:8      | Reached XP level 10. HP: 51/96 MP: 10/10
  5498 | D:8      | Reached skill level 13 in Unarmed Combat
  5567 | D:8      | 5567 ||| Stepping ~*~*~tactically~*~*~ (stealth).
  5568 | D:8      | 5568 ||| Stepping ~*~*~tactically~*~*~ (stealth).
  5571 | D:8      | 5571 ||| Stepping ~*~*~tactically~*~*~ (outnumbered).
  5574 | D:8      | 5574 ||| Stepping ~*~*~tactically~*~*~ (outnumbered).
  5575 | D:8      | 5575 ||| Stepping ~*~*~tactically~*~*~ (outnumbered).
  5576 | D:8      | 5576 ||| Stepping ~*~*~tactically~*~*~ (outnumbered).
  5577 | D:8      | 5577 ||| Stepping ~*~*~tactically~*~*~ (outnumbered).
  5578 | D:8      | 5578 ||| Stepping ~*~*~tactically~*~*~ (outnumbered).
  5595 | D:8      | 5595 ||| INVOKING Fiery Armour.
  5701 | D:8      | 5701 ||| Stepping ~*~*~tactically~*~*~ (outnumbered).
  5806 | D:8      | 5806 ||| Stepping ~*~*~tactically~*~*~ (stealth).
  5810 | D:8      | 5810 ||| Stepping ~*~*~tactically~*~*~ (stealth).
  5817 | D:8      | 5817 ||| Stepping ~*~*~tactically~*~*~ (outnumbered).
  5818 | D:8      | 5818 ||| Stepping ~*~*~tactically~*~*~ (outnumbered).
  5819 | D:8      | 5819 ||| Stepping ~*~*~tactically~*~*~ (outnumbered).
  5820 | D:8      | 5820 ||| Stepping ~*~*~tactically~*~*~ (outnumbered).
  5873 | D:8      | Reached skill level 14 in Unarmed Combat
  5917 | D:8      | 5917 ||| Stepping ~*~*~tactically~*~*~ (stealth).
  5921 | D:8      | 5921 ||| Stepping ~*~*~tactically~*~*~ (stealth).
  5922 | D:8      | 5922 ||| Stepping ~*~*~tactically~*~*~ (stealth).
  6149 | D:8      | 6149 ||| RIP OSSUARY
  6174 | D:8      | 6174 ||| PLANNING D:1-11
  6193 | D:8      | 6193 ||| Stepping ~*~*~tactically~*~*~ (stealth).
  6384 | D:8      | 6384 ||| READING scroll labelled BERINL GURANUO.
  6488 | D:9      | 6488 ||| Stepping ~*~*~tactically~*~*~ (stealth).
  6489 | D:9      | 6489 ||| Stepping ~*~*~tactically~*~*~ (stealth).
  6640 | D:9      | 6640 ||| Stepping ~*~*~tactically~*~*~ (stealth).
  6653 | D:9      | Reached skill level 6 in Fighting
  6658 | D:9      | 6658 ||| FLEEEEING.
  6659 | D:9      | 6659 ||| FLEEEEING.
  6660 | D:9      | 6660 ||| FLEEEEING.
  6661 | D:9      | 6661 ||| FLEEEEING.
  6662 | D:9      | 6662 ||| FLEEEEING.
  6663 | D:9      | 6663 ||| FLEEEEING.
  6664 | D:9      | 6664 ||| FLEEEEING.
  6665 | D:9      | 6665 ||| FLEEEEING.
  6666 | D:9      | 6666 ||| FLEEEEING.
  6667 | D:9      | 6667 ||| FLEEEEING.
  6681 | D:9      | 6681 ||| FLEEEEING.
  6682 | D:9      | 6682 ||| FLEEEEING.
  6683 | D:9      | 6683 ||| FLEEEEING.
  6685 | D:9      | 6685 ||| FLEEEEING.
  6686 | D:9      | 6686 ||| FLEEEEING.
  6687 | D:9      | 6687 ||| FLEEEEING.
  6688 | D:9      | 6688 ||| FLEEEEING.
  6689 | D:9      | 6689 ||| FLEEEEING.
  6690 | D:9      | 6690 ||| FLEEEEING.
  6822 | D:9      | 6822 ||| Stepping ~*~*~tactically~*~*~ (stealth).
  6967 | D:9      | 6967 ||| Stepping ~*~*~tactically~*~*~ (hiding).
  6997 | D:9      | 6997 ||| Stepping ~*~*~tactically~*~*~ (stealth).
  6999 | D:9      | 6999 ||| Stepping ~*~*~tactically~*~*~ (hiding).
  7000 | D:9      | 7000 ||| Stepping ~*~*~tactically~*~*~ (hiding).
  7115 | D:9      | Found a sacrificial altar of Ru.
  7180 | D:9      | 7180 ||| Stepping ~*~*~tactically~*~*~ (outnumbered).
  7182 | D:9      | 7182 ||| Stepping ~*~*~tactically~*~*~ (outnumbered).
  7183 | D:9      | 7183 ||| Stepping ~*~*~tactically~*~*~ (outnumbered).
  7232 | D:9      | 7232 ||| Stepping ~*~*~tactically~*~*~ (hiding).
  7233 | D:9      | 7233 ||| Stepping ~*~*~tactically~*~*~ (hiding).
  7452 | D:9      | 7452 ||| DROPPING +0 steam dragon scales.
  7455 | D:10     | Entered Level 10 of the Dungeon
  7501 | D:10     | 7501 ||| INVOKING Fiery Armour.
  7501 | D:10     | HP: 24/98 [killer bee (7)]
  7502 | D:10     | 7502 ||| READING scroll of teleportation.
  7506 | D:10     | Reached XP level 11. HP: 19/105 MP: 11/11
  7506 | D:10     | HP: 19/105 [poisoned by a killer bee]
  7512 | D:10     | Noticed Josephine
  7520 | D:10     | HP: 16/102 [something/ghostly fireball (12)]
  7525 | D:10     | Killed from afar by Josephine

Levels and vault maps discovered:
D:1:      shiori_arrival_oz, layout_basic
D:2:      layout_loops_ring, hellmonk_ecumenical_altar_watching_god
D:3:      layout_basic, uniq_grinder, uniq_terence, uniq_jessica
D:4:      layout_cave_pools, nicolae_ashenzari_panopticon,
          ebering_ghost_sewer_d, minmay_shop_enchanted_jewellery,
          nicolae_stop_n_shop_2
D:5:      layout_basic, general_overflow_altar, kennysheep_little_box,
          mainiacjoe_overflow_catwalk, minmay_temple_entry_arrows, uniq_sigmund
D:6:      layout_rooms, mainiacjoe_overflow_small_starburst
D:7:      kennysheep_steamy, layout_basic, mainiacjoe_overflow_alcove_1,
          serial_shops, nicolae_shop_competitors_out_of_business,
          minmay_misc_feat_diagonals
D:8:      layout_gridville, nicolae_ossuary_entry_ruins
D:9:      layout_loops_cross, overflow_temple_1_default
D:10:     layout_basic, mainiacjoe_overflow_swirl,
          kennysheep_orc_monster_closet_entryway, uniq_grum, uniq_josephine

Skill      XL: |  1  2  3  4  5  6  7  8  9 10 |
---------------+-------------------------------+-----
Unarmed Combat | 4 5 7 8 9 10 12 14 | 14.9
Fighting       | 3 4 5 6 |  6.1
Throwing       | 4 |  4.1
Dodging        | 1 |  1.1
Spellcasting   | |  1.0
Fire Magic     | |  2.1

Action                   |  1- 3 |  4- 6 |  7- 9 | 10-12 || total
-------------------------+-------+-------+-------+-------++-------
Melee: Unarmed           |   108 |    75 |   280 |   187 ||   650
       Punch             |     1 |     3 |    10 |     5 ||    19
Throw: Javelin           |       |       |    54 |    26 ||    80
Invok: Fiery Armour      |     2 |     2 |     3 |     2 ||     9
  Use: Scroll            |     1 |     1 |     9 |     2 ||    13
       Potion            |       |       |     8 |       ||     8
Armor: Robe              |    29 |    18 |    98 |    48 ||   193
Dodge: Dodged            |    43 |    24 |   116 |   139 ||   322

Table legend:
 A = Non-vault XP
 B = Vault XP
 C = Vault XP percentage of total XP
 D = Non-vault monster count
 E = Vault monster count
 F = Vault count percentage of total count
                 A         B        C        D         E       F
            +---------+---------+-------+---------+---------+-------
      Total |    9879 |    1454 |  12.8 |     236 |      10 |   4.1
            +---------+---------+-------+---------+---------+-------
        D:1 |      47 |       2 |   4.1 |      30 |       1 |   3.2
        D:2 |     150 |       0 |   0.0 |      28 |       0 |   0.0
        D:3 |     229 |     354 |  60.7 |      18 |       3 |  14.3
        D:4 |     552 |     508 |  47.9 |      32 |       3 |   8.6
        D:5 |     690 |     226 |  24.7 |      20 |       1 |   4.8
        D:6 |     571 |       0 |   0.0 |      10 |       0 |   0.0
        D:7 |    1106 |     364 |  24.8 |      27 |       2 |   6.9
        D:8 |    3538 |       0 |   0.0 |      34 |       0 |   0.0
        D:9 |    2505 |       0 |   0.0 |      33 |       0 |   0.0
       D:10 |     491 |       0 |   0.0 |       4 |       0 |   0.0
            +---------+---------+-------+---------+---------+-------
